 Dungeon Crawl Stone Soup version 0.30.0-10-gfe55d96785 (webtiles) character file.

Game seed: 12235995192775271421

1085 PoweredByGinger the Cleaver (level 8, -2/73 HPs)
             Began as a Minotaur Berserker on May 15, 2023.
             Was a Priest of Trog.
             Slain by a gnoll
             ... wielding a +0 spear
              (3 damage)
             ... on level 6 of the Dungeon.
             The game lasted 00:04:31 (3638 turns).

PoweredByGinger the Cleaver (Minotaur Berserker)    Turns: 3638, Time: 00:04:31

Health: -2/73      AC:  6    Str: 25    XL:     8   Next: 9%
Magic:  7/7        EV: 11    Int:  4    God:    Trog [***...]
Gold:   281        SH:  0    Dex: 15    Spells: 7/7 levels left

rFire   . . .        a - +0 hand axe
rCold   . . .        (no shield)
rNeg    . . .        d - +0 ring mail
rPois   .            (helmet restricted)
rElec   .            w - +0 cloak
rCorr   .            (no gloves)
SInv    .            (no boots)
Will    .....        (no amulet) Stlth
                     h - +6 ring of dexterity
HPRegen 0.32/turn    (no ring)
MPRegen 0.10/turn

%: no passive effects
@: brilliant, silenced, on berserk cooldown, slowed, very slow
A: horns 2, retaliatory headbutt
a: Renounce Religion


You were on level 6 of the Dungeon.
You worshipped Trog.
Trog was most pleased with you.
You visited 1 branch of the dungeon, and saw 6 of its levels.

You collected 281 gold pieces.

Inventory:

Hand Weapons
 a - a +0 hand axe (weapon)
Armour
 d - a +0 ring mail (worn)
 w - a +0 cloak (worn)
Jewellery
 h - a +6 ring of dexterity (left hand)
Wands
 o - a wand of acid (8)
 q - a wand of mindburst (5)
 s - a wand of polymorph (6)
 y - a wand of flame (19)
Scrolls
 b - a scroll of identify
 e - a scroll of fog {unknown}
 k - a scroll of blinking {unknown}
 n - a scroll of noise {unknown}
 r - 2 scrolls of amnesia
 t - a scroll of enchant armour {unknown}
 v - a scroll of teleportation {unknown}
 B - a scroll of magic mapping {unknown}
Potions
 c - 2 potions of curing {unknown}
 f - a potion of berserk rage {unknown}
 g - 2 potions of brilliance
 i - 2 potions of cancellation {unknown}
 l - 2 potions of attraction {unknown}
 m - a potion of haste {unknown}
 p - 2 potions of degeneration {unknown}
 u - a potion of heal wounds {unknown}
 x - a potion of lignification {unknown}
 z - 2 potions of resistance {unknown}
 A - a potion of ambrosia {unknown}


   Skills:
 + Level 7.5 Fighting
 * Level 10.0 Axes
 - Level 2.4 Armour
 - Level 2.1 Dodging


You had 7 spell levels left.
You didn't know any spells.
Your spell library was empty.

Dungeon Overview and Level Annotations

Branches:
Dungeon (7/15)
 Temple: D:4-7

Altars:
Dithmenos
Makhleb
Uskayaw

Annotations:
D:3 3 runed translucent doors, Nidhogg036's ghost, weakling DECj


Innate Abilities, Weirdness & Mutations

You have a pair of horns on your head.
You reflexively headbutt those who attack you in melee.


Message History

You slash the gnoll!
You kill the gnoll!
Trog accepts your kill.
You slash the gnoll!
You kill the gnoll!
Trog accepts your kill. The gnoll hits you but does no damage.
Your Axes skill increases to level 10!
Unknown command.
You are no longer berserk.
You are exhausted.
You feel yourself slow down. The gnoll misses you.
The gnoll hits you with a +0 spear!
* * * LOW HITPOINT WARNING * * *
Items here: )) [ †.
Unknown command.
Unknown command.
As you read the scroll labelled OVEL URARAER, it crumbles to dust.
It is a scroll of identify.
r - 2 scrolls of amnesia The gnoll hits you but does no damage.
The gnoll closely misses you. The gnoll completely misses you.
As you read the scroll labelled KOETAIG SIOF, it crumbles to dust.
A profound silence engulfs you.
It was a scroll of silence.
The gnoll hits you but does no damage. The gnoll hits you with a +0 spear.
* * * LOW HITPOINT WARNING * * *
The gnoll hits you but does no damage. The gnoll hits you with a +0 club.
* * * LOW HITPOINT WARNING * * *
The gnoll hits you with a +0 spear.
* * * LOW HITPOINT WARNING * * *
The gnoll hits you from afar with a +0 spear.
* * * LOW HITPOINT WARNING * * *
Unknown command.
Unknown command.
It was a potion of brilliance.
You feel clever all of a sudden.
Your attacks no longer feel as feeble.
The gnoll closely misses you. The gnoll hits you with a +0 spear.
* * * LOW HITPOINT WARNING * * *
The gnoll hits you from afar with a +0 spear.
You die...

#####.#.......#### ##
###.....#...:.......
..
....................
##.
...####.#.......####
#...# ##.###.....##..
#..#####..# #.........
#.)g.#..## #.........
####)....# #.........
#@).#...........##
#gg...##.........##
#................##
..................#<
#.......[............
....#.................
.##........#.........#
..
.........#.......#.#
.... #.#


You could see 3 gnolls.

Vanquished Creatures
  Eustachio (D:6)
  2 ogres
  A kobold brigand (D:7)
  A scorpion (D:7)
  5 wights (D:7)
  A howler monkey (D:7)
  2 gnoll boudas
  An iguana (D:4)
  2 orc wizards
  9 gnolls
  5 adders
  A worm (D:3)
  10 orcs
  6 endoplasms
  3 giant cockroaches (D:1)
  4 hobgoblins
  7 jackals (D:1)
  10 kobolds
  4 quokkas
  7 ball pythons
  8 bats
  5 frilled lizards
  9 goblins
  8 rats
112 creatures vanquished.

Notes
Turn   | Place    | Note
-------+----------+-------------------------------------------
     0 | D:1      | PoweredByGinger the Minotaur Berserker began the quest for
                  | the Orb.
     0 | D:1      | Reached XP level 1. HP: 19/19 MP: 0/0
    98 | D:1      | Reached skill level 4 in Axes
   238 | D:1      | Reached XP level 2. HP: 27/27 MP: 1/1
   465 | D:1      | Found a faded altar of an unknown god.
   468 | D:1      | Reached ** piety under Trog
   555 | D:1      | Reached XP level 3. HP: 31/33 MP: 2/2
  1017 | D:2      | Reached skill level 5 in Axes
  1198 | D:2      | Reached XP level 4. HP: 36/41 MP: 3/3
  1851 | D:3      | Reached *** piety under Trog
  1983 | D:3      | Found a runed translucent gate.
  1983 | D:3      | Found a runed translucent gate.
  1983 | D:3      | Found a runed translucent gate.
  2396 | D:3      | Noticed Nidhogg036's ghost (weakling DECj)
  2524 | D:4      | Noticed an ogre
  2528 | D:3      | Killed an ogre
  2529 | D:3      | Reached skill level 5 in Fighting
  2529 | D:3      | Reached skill level 6 in Axes
  2529 | D:3      | Reached XP level 5. HP: 48/48 MP: 4/4
  3029 | D:4      | You fall into a shaft and drop 3 floors!
  3051 | D:7      | Reached skill level 7 in Axes
  3051 | D:7      | Reached XP level 6. HP: 56/56 MP: 5/5
  3112 | D:7      | Reached skill level 8 in Axes
  3113 | D:7      | Reached XP level 7. HP: 63/63 MP: 6/6
  3293 | D:7      | Reached skill level 9 in Axes
  3300 | D:6      | Found a burning altar of Makhleb.
  3300 | D:6      | Found a hide-covered altar of Uskayaw.
  3444 | D:6      | Found a shadowy altar of Dithmenos.
  3493 | D:6      | Noticed Eustachio
  3499 | D:6      | Killed Eustachio
  3619 | D:6      | Reached XP level 8. HP: 73/73 MP: 7/7
  3635 | D:6      | Reached skill level 10 in Axes
  3638 | D:6      | HP: 1/73 [gnoll/+0 spear[a gnoll bouda] (5)]
  3638 | D:6      | Slain by a gnoll

Illustrated notes

Levels and vault maps discovered:
D:1:      moated_graveyard_arrival, layout_loops_cross,
          hellmonk_ecumenical_altar_dog_temple, roderic_serpentine_path,
          nicolae_hexahallways
D:2:      layout_loops_cross
D:3:      layout_loops_corners, gammafunk_ghost_icy, minmay_crystal_room
D:4:      layout_gridville, minmay_temple_entry_butterflies
D:6:      layout_rooms, grunt_temple_overflow_open, minmay_liquid_box,
          uniq_eustachio
D:7:      layout_cave_pools, hangedman_glass_teeth, uniq_crazy_yiuf_cottage

Skill      XL: |  1  2  3  4  5  6  7  8 |
---------------+-------------------------+-----
Axes           | 4 5 6 7 8 9 10 | 10.0
Fighting       | 4 5 6 7 |  7.5
Armour         | |  2.4
Dodging        | |  2.1

Action                     |  1- 3 |  4- 6 |  7- 9 || total
---------------------------+-------+-------+-------++-------
  Melee: Hand axe          |    80 |    79 |    39 ||   198
         Headbutt          |    13 |    17 |    11 ||    41
 Invoke: Berserk           |       |     2 |     4 ||     6
  Evoke: Wand              |       |       |     3 ||     3
    Use: Scroll            |       |       |     2 ||     2
         Potion            |       |       |     1 ||     1
 Armour: Animal skin       |     2 |       |       ||     2
         Ring mail         |    25 |    28 |    16 ||    69
  Dodge: Dodged            |    57 |    51 |    36 ||   144
